 Dungeon Crawl Stone Soup version 0.20.1-1-g8b1a95d (webtiles) character file.

19 larsimusprime the Grasshopper (level 2, -22/27 HPs)
             Began as a Naga Warper on Oct 28, 2017.
             Annihilated by a large abomination (30 damage)
             ... on level 1 of the Abyss.
             The game lasted 00:02:02 (772 turns).

larsimusprime the Grasshopper (Naga Warper)          Turns: 772, Time: 00:02:02

Health: -22/27     AC:  2    Str: 13    XL:     2   Next: 75%
Magic:  5/5        EV:  9    Int: 13    God:
Gold:   0          SH:  0    Dex: 10    Spells: 5/5 levels left

rFire    . . .     SeeInvis +   a - +0 mace
rCold    . . .     Gourm    .   (no shield)
rNeg     . . .     Faith    .   b - +0 leather armour
rPois    +         Spirit   .   (no helmet)
rElec    .         Reflect  .   (no cloak)
rCorr    .         Harm     .   (no gloves)
MR       .....                  (no barding)
Stlth    +.........             (no amulet)
Regen    0.1/turn               (no ring)
MPRegen  0.1/turn               (no ring)

@: very slow
A: see invisible, deformed body, poison resistance, slowness 2, slow metabolism
1, spit poison 1, AC +0
a: Spit Poison


You were on level 1 of the Abyss.
You were not hungry.

You visited 1 branch of the dungeon, and saw 2 of its levels.
You visited the Abyss 1 time.

Inventory:

Hand Weapons
 a - a +0 mace (weapon)
Missiles
 e - 5 tomahawks of dispersal (quivered)
Armour
 b - a +0 leather armour (worn)
Wands
 j - a wand of confusion (21/48)
Scrolls
 d - a scroll of blinking
 h - a scroll of identify {unknown}
Potions
 g - a potion of degeneration {unknown}
Books
 c - a book of Spatial Translocations

   Spells                             Type                      Level
   a - Blink                          Translocation                2
   b - Shroud of Golubria             Charms/Translocation         2
   c - Lesser Beckoning               Translocation                3
   d - Gell's Gravitas                Translocation                3
   e - Teleport Other                 Translocation                3
   f - Passage of Golubria            Translocation                4
Comestibles
 f - a bread ration


   Skills:
 + Level 2.3 Fighting
 + Level 2.3 Maces & Flails
 + Level 0.8 Throwing
 + Level 0.8 Armour
 + Level 1.9 Dodging
 + Level 2.1 Spellcasting
   Level 3.0 Translocations


You had 5 spell levels left.
You didn't know any spells.

Dungeon Overview and Level Annotations

Branches:
Dungeon (2/15)

Altars:
Okawaru


Innate Abilities, Weirdness & Mutations

You cannot wear boots.
Your serpentine skin is tough. (AC +0)
You have supernaturally acute eyesight. (SInv)
Armour fits poorly on your strangely shaped body.
Your system is resistant to poisons. (rPois)
You cover ground very slowly.
You have a slow metabolism.
You can spit poison.


Message History

The kobold hits you with a short sword of distortion.
You are cast into the Abyss!
To return, you must find a gate leading back.
Killing monsters will force the Abyss to allow you passage.
This branch contains the abyssal rune of Zot.
You start resting.
All of the chunks of flesh in your inventory have rotted away.
A worldbinder comes into view.
The worldbinder calls forth creatures from the Crypt!
Found a great sword.
The wraith hits you. The worldbinder closely misses you.
The worldbinder hits you.
You see here a great sword.
The wraith disappears in a puff of smoke!
The worldbinder calls forth creatures from the Crypt!
The worldbinder hits you!
* * * LOW HITPOINT WARNING * * *
The worldbinder closely misses you. The large abomination hits you!!
Ouch! That really hurt!
You die...

#. .. #.##..##
.......#
######.#.##.##
#...x........#
#.####.####..#...#
#.......W.#ยง....###.
..#.#.#.#.Wx#.......
#.#..##@X.###.
...........#
####........##
...#.#..#...
..............
#.#..#.######....
#.##### #.#. ..


You could see a large abomination, a worldbinder and 2 wraiths.

Vanquished Creatures
  An adder (D:2)
  A dart slug (D:2)
  A giant cockroach (D:2)
  2 goblins
  2 kobolds
  A bat (D:2)
8 creatures vanquished.

Notes
Turn   | Place    | Note
-------+----------+-------------------------------------------
     0 | D:1      | larsimusprime the Naga Warper began the quest for the Orb.
     0 | D:1      | Reached XP level 1. HP: 19/19 MP: 3/3
   195 | D:2      | Found an iron altar of Okawaru.
   209 | D:2      | Reached XP level 2. HP: 5/26 MP: 5/5
   695 | D:2      | Cast into level 1 of the Abyss (kobold)
   764 | Abyss:1  | Noticed a worldbinder
   767 | Abyss:1  | Noticed a wraith
   767 | Abyss:1  | Noticed a shadow
   770 | Abyss:1  | Noticed a large abomination
   772 | Abyss:1  | Noticed a wraith
   772 | Abyss:1  | Noticed a wraith
   772 | Abyss:1  | Annihilated by a large abomination

Action                   || total
-------------------------++-------
Melee: Mace              ||    25
Armor: Leather armour    ||     4
Dodge: Dodged            ||    23
